 Dungeon Crawl Stone Soup version 0.16-a0-3843-ged98c6c (webtiles) character file.

525 tizzy the Chucker (level 7, 0/72 HPs)
             Began as an Ogre Hunter on Jan 31, 2015.
             Slain by a centaur (6 damage)
             ... on level 5 of the Dungeon.
             The game lasted 00:13:11 (6432 turns).

tizzy the Chucker (Ogre Hunter)                     Turns: 6432, Time: 00:13:11

Health: 0/72       AC:  3    Str: 18    XL:     7   Next: 23%
Magic:  7/7        EV: 10    Int: 11    God:
Gold:   301        SH:  0    Dex: 11    Spells: 0 memorised, 6 levels left

rFire  . . .     SeeInvis .     g - +0 flail
rCold  . . .     Clarity  .     d - +0 animal skin
rNeg   . . .     SustAb   .     (shield restricted)
rPois  .         Gourm    .     (helmet restricted)
rElec  .         Spirit   .     (no cloak)
rCorr  .         Warding  .     (gloves unavailable)
rMut   .         Stasis   .     (boots unavailable)
MR     .....                    (no amulet)
Stlth  ++........               (no ring)
                                (no ring)

@: not resistant to hostile enchantments, unstealthy
A: unfitting armour, tough skin 1
a: no special abilities


You were on level 5 of the Dungeon.
You were very hungry.

You visited 1 branch of the dungeon, and saw 5 of its levels.

You collected 301 gold pieces.

Inventory:

Hand weapons
 g - a +0 flail (weapon)
Armour
 d - a +0 animal skin (worn)
Jewellery
 r - an uncursed amulet of resist corrosion {unknown}
Magical devices
 b - a wand of teleportation (2)
Scrolls
 k - 3 scrolls of blinking
 l - 2 scrolls of identify
 o - 2 scrolls of fear
 t - 2 scrolls of amnesia
 u - a scroll of enchant weapon {unknown}
Potions
 a - a potion of cancellation
 c - a potion of mutation {unknown}
 e - a potion of brilliance {unknown}
 i - a potion of heal wounds {unknown}
 j - a potion of might {unknown}
 n - a potion of magic {unknown}
 p - 2 potions of restore abilities {unknown}
 v - a potion of poison {unknown}
Comestibles
 f - a meat ration
 h - 4 fruits
 m - 2 royal jellies
 s - 3 bread rations
 w - a chunk of flesh


   Skills:
 + Level 5.1 Fighting
 * Level 4.6 Maces & Flails
 + Level 6.5 Throwing
 - Level 2.6 Dodging
 - Level 1.9 Stealth


You had 6 spell levels left.
You didn't know any spells.

Dungeon Overview and Level Annotations

Branches:
Dungeon (5/15)             Temple (0/1) D:5

Altars:
Ashenzari


Innate Abilities, Weirdness & Mutations

You are too large for most types of armour.
You have tough skin (AC +1).


Message History

The centaur hits you.
* * * LOW HITPOINT WARNING * * *
The centaur hits you but does no damage.
You hit the centaur.
The centaur is severely wounded.
The centaur hits you!
* * * LOW HITPOINT WARNING * * *
Drink which item? (? for menu, Esc to quit)
It was a potion of curing.
You feel better. The centaur hits you!
* * * LOW HITPOINT WARNING * * *
The centaur hits you but does no damage.
Drink which item? (? for menu, Esc to quit)
It was a potion of cancellation.
You feel magically purged. The centaur barely misses you.
You hit the centaur.
The centaur is almost dead.
The centaur hits you.
* * * LOW HITPOINT WARNING * * *
The centaur hits you.
You die...

..............####
.....#..#...####.....
........##.....##.....
.....$.## #............
.......# #.....##.....
......# ##.....##.....
###...###......##..... ##
#..............##.....
...#...c@...#.....##.....
#...........#..##########
###.........#....##
##88.88.....รท......#
..8...8...........##
##8.>.8......####.#
#8...8......# .#
#88888......# ..
#####...###... ..


You could see a centaur.

Vanquished Creatures
  An ogre (D:4)
  A giant frog zombie (D:4)
  2 orc priests (D:4)
  A giant frog skeleton (D:4)
  An iguana (D:4)
  An orc wizard (D:3)
  2 worker ants
  Terence (D:2)
  A hound skeleton (D:4)
  A worker ant zombie (D:4)
  3 gnolls (D:4)
  2 adders
  2 giant mites
  2 worms
  10 orcs
  2 giant cockroaches
  13 goblins
  11 hobgoblins
  11 jackals
  2 quokkas
  4 ball pythons
  6 bats
  8 giant newts
  12 kobolds
  11 rats
111 creatures vanquished.

Notes
Turn   | Place    | Note
--------------------------------------------------------------
     0 | D:1      | tizzy, the Ogre Hunter, began the quest for the Orb.
     0 | D:1      | Reached XP level 1. HP: 22/22 MP: 1/1
    99 | D:1      | Reached XP level 2. HP: 22/31 MP: 2/2
   115 | D:1      | Reached skill level 1 in Stealth
   341 | D:1      | HP: 1/31 [kobold/stone (1)]
   896 | D:1      | Reached XP level 3. HP: 26/37 MP: 3/3
  1793 | D:2      | Reached skill level 5 in Throwing
  2124 | D:2      | Noticed Terence
  2476 | D:2      | Reached XP level 4. HP: 27/45 MP: 4/4
  2648 | D:2      | Killed Terence
  2849 | D:3      | Found a shattered altar of Ashenzari.
  3822 | D:3      | Reached XP level 5. HP: 53/53 MP: 5/5
  4746 | D:4      | Reached skill level 1 in Maces & Flails
  4837 | D:4      | Noticed an ogre
  4847 | D:4      | Killed an ogre
  4847 | D:4      | Reached skill level 6 in Throwing
  4847 | D:4      | Reached XP level 6. HP: 63/63 MP: 6/6
  5516 | D:4      | Reached XP level 7. HP: 51/71 MP: 7/7
  5743 | D:4      | Reached skill level 5 in Fighting
  5936 | D:5      | Entered Level 5 of the Dungeon
  6402 | D:5      | Found a staircase to the Ecumenical Temple.
  6432 | D:5      | Slain by a centaur

Action                   |  1- 3 |  4- 6 |  7- 9 || total
-------------------------+-------+-------+-------++-------
Melee: Short sword       |   200 |    45 |       ||   245
       Club              |       |    86 |       ||    86
       Flail             |       |    62 |    72 ||   134
Throw: Large rock        |    12 |    27 |     6 ||    45
       Throwing net      |     2 |     1 |       ||     3
Evoke: Wand              |       |     2 |     1 ||     3
  Use: Scroll            |       |    12 |       ||    12
       Potion            |       |     1 |     2 ||     3
 Stab: Sleeping          |     1 |       |     1 ||     2
  Eat: Chunk             |     4 |     7 |       ||    11
       Pizza             |       |     1 |       ||     1
       Meat ration       |       |     1 |       ||     1
